 Dungeon Crawl Stone Soup version 0.19-a0-1170-g18f0c96 (webtiles) character file.

53 jacquesderrida the Cudgeler (level 3, -3/30 HPs)
             Began as a Minotaur Warper on Aug 18, 2016.
             Slain by an ogre
             ... wielding a +0 giant club
              (15 damage)
             ... on level 4 of the Dungeon.
             The game lasted 00:02:34 (686 turns).

jacquesderrida the Cudgeler (Minotaur Warper)        Turns: 686, Time: 00:02:35

Health: -3/30      AC: 10    Str: 15    XL:     3   Next: 62%
Magic:  4/4        EV:  7    Int: 10    God:
Gold:   122        SH:  0    Dex: 10    Spells: 1 memorised, 3 levels left

rFire  . . .     SeeInvis .     p - +0 quarterstaff
rCold  . . .     Gourm    .     o - +0 chain mail
rNeg   . . .     Faith    .     (shield currently unavailable)
rPois  .         Spirit   .     (helmet restricted)
rElec  .         Dismiss  .     (no cloak)
rCorr  .         Reflect  .     n - +0 pair of gloves
MR     .....     Harm     .     i - +0 pair of boots
Stlth  ..........               (no amulet)
                                (no ring)
                                (no ring)

@: no status effects
A: retaliatory headbutt, horns 2
a: no special abilities


You were on level 4 of the Dungeon.
You were not hungry.

You visited 1 branch of the dungeon, and saw 4 of its levels.

You collected 122 gold pieces.

Inventory:

Hand Weapons
 a - a +0 mace
 p - a +0 quarterstaff (weapon)
Missiles
 e - 5 tomahawks of dispersal (quivered)
 h - 2 throwing nets
Armour
 b - a +0 leather armour
 i - a +0 pair of boots (worn)
 n - a +0 pair of gloves (worn)
 o - a +0 chain mail (worn)
Scrolls
 d - a scroll of blinking
 g - 2 scrolls of magic mapping {unknown}
 k - a scroll of amnesia {unknown}
 l - 5 scrolls of identify {unknown}
 m - a scroll of remove curse {unknown}
Books
 c - a book of Spatial Translocations

   Spells                             Type                      Level
   a - Apportation                    Translocation                1
   b - Blink                          Translocation                2
   c - Shroud of Golubria             Charms/Translocation         2
   d - Portal Projectile              Translocation                3
   e - Teleport Other                 Translocation                3
   f - Passage of Golubria            Translocation                4
Comestibles
 f - 3 bread rations
 j - a meat ration


   Skills:
 - Level 2.4 Fighting
 + Level 4.9 Maces & Flails
 - Level 1.0 Throwing
 - Level 1.2 Armour
 - Level 2.1 Dodging
 - Level 1.3 Spellcasting
 - Level 2.1 Translocations


You had 3 spell levels left.
You knew the following spells:

 Your Spells              Type           Power        Failure   Level  Hunger
a - Apportation           Tloc           #.........   100%        1    ##.....


Dungeon Overview and Level Annotations

Branches:
Dungeon (4/15)
 Temple: D:4-7

Altars:

Annotations:
D:4 Xenophilius's ghost, amateur FoFi


Innate Abilities, Weirdness & Mutations

You reflexively headbutt those who attack you in melee.
You have a pair of horns on your head.


Message History

No target in view!
No target in view!
(D) Dungeon
Where to? (Enter - D:3 @ (x,y), ? - help)
There is a stone staircase leading down here.
You climb downwards.
Level annotation: Xenophilius's ghost, amateur FoFi An ogre comes into view.
It is wielding a giant club.
The ogre shouts!
There is a stone staircase leading up here.
You aren't carrying any items that you can evoke.
Okay, then.
It was a potion of curing.
You feel better.
You hit the ogre but do no damage. Your headbutt misses the ogre.
The ogre hits you with a giant club!
You hit the ogre but do no damage. The ogre hits you with a giant club!
Your chain mail prevents you from hitting the ogre.
The ogre hits you with a giant club!
Ouch! That really hurt!
You die...

#.......<.....).
#######.########
#.# #.# ## ##.#
.# #...#
#.####.#.##.#
.......O....#
#@# #........
#####.###


You could see an ogre.

Vanquished Creatures
  An ooze (D:1)
  2 worms
  A dart slug (D:3)
  2 giant cockroaches
  6 hobgoblins
  7 jackals
  2 kobolds
  3 bats
  2 giant newts
  8 goblins
  A rat (D:2)
35 creatures vanquished.

Notes
Turn   | Place    | Note
-------+----------+-------------------------------------------
     0 | D:1      | jacquesderrida the Minotaur Warper began the quest for the Orb.
     0 | D:1      | Reached XP level 1. HP: 18/18 MP: 1/1
    32 | D:1      | Reached skill level 3 in Maces & Flails
   111 | D:1      | Reached XP level 2. HP: 23/25 MP: 3/3
   311 | D:2      | Reached skill level 4 in Maces & Flails
   351 | D:2      | Reached XP level 3. HP: 14/30 MP: 4/4
   621 | D:4      | Noticed Xenophilius's ghost (amateur FoFi)
   682 | D:4      | Noticed an ogre
   686 | D:4      | Slain by an ogre

Vault maps used:
D:1:      grunt_arrival_crossed_arrows
D:2:      nicolae_overflow_hidden_temple, makhleb_heckhound_becter
D:3:      kennysheep_the_goblin_king
D:4:      lemuel_round_altar, first_bread, uniq_sigmund

Skill      XL: |  1  2 |
---------------+-------+-----
Maces & Flails | 3 4 |  4.9
Fighting       | |  2.4
Throwing       | |  1.0
Armour         | |  1.2
Dodging        | |  2.1
Spellcasting   | |  1.3
Translocations | |  2.1

Action                   || total
-------------------------++-------
Melee: Mace              ||    46
       Headbutt          ||    12
       Quarterstaff      ||    30
  Use: Potion            ||     1
Armor: Leather armour    ||    12
       Chain mail        ||    12
Dodge: Dodged            ||    47
